[ AOE2 MATCH · #495696026 ]
UnrankedHuns vs Maya
Player's team · LOSS
Rival team · WIN
[ REPLAY ANALYSIS · EXTRACTED FROM THE RECORDED GAME ]
Feudal
—
Castle
—
Imperial
—
| APM avg | 11.5 |
| APM peak | 26 |
| eAPM avg | 3.2 |
| Villagers / military | 3 / 0 |
Focus
⚔️ 14.3% · 🌾 85.7%
Feudal
—
Castle
—
Imperial
—
| APM avg | 62.5 |
| APM peak | 89 |
| eAPM avg | 16.2 |
| Villagers / military | 14 / 0 |
Focus
⚔️ 29.4% · 🌾 70.6%
Match map
Initial resources + every placement click. Lines = walls · curves = elevation contours. ◆ gold · ⬟ stone · ● berries · ✦ relic · ◌ wall gap
Your base
Cupcake's base
Smoothed initial terrain · ◌ = detected wall gap · hover for details
Inputs per minute
— Mingzhou - - Cupcake
Build order — Mingzhou
3 actions detected in the replay
| 0:01 | Create | Villager (Male) |
| 0:01 | Create | Villager (Male) |
| 2:42 | Create | Villager (Male) |
Build order — Cupcake
17 actions detected in the replay
| 0:00 | Research | Loom |
| 0:01 | Create | Villager (Male) |
| 0:01 | Create | Villager (Male) |
| 0:02 | Build | House |
| 0:02 | Build | House |
| 0:28 | Create | Villager (Male) |
| 0:28 | Create | Villager (Male) |
| 1:40 | Create | Villager (Male) |
| 1:40 | Create | Villager (Male) |
| 2:11 | Create | Villager (Male) |
| 2:11 | Create | Villager (Male) |
| 2:57 | Create | Villager (Male) |
| 2:58 | Create | Villager (Male) |
| 3:33 | Create | Villager (Male) |
| 3:33 | Create | Villager (Male) |
| 4:00 | Create | Villager (Male) |
| 4:00 | Create | Villager (Male) |
Match timeline
| 4:26 | Mingzhou · resign |
[ AI ANALYSIS · 1 CREDIT ]
What really happened in this match?
Wolo.gg analyzes every decision: build order, eco, micro, common mistakes by bracket. Personalized analysis on WhatsApp or Discord in 30 seconds.
Civ guide
Huns
Perfil
Mingzhou